Description

This build order is very greedy but works perfectly against all kind of all-in: You play with a full wall and a nexus first which will give you time to have your first void ray and shield batteries. Then you can play a macro skytoss playstyle or simply push with immo/void like me.

This replay comes from a ladder game.

Notes :

  • Nexus at 17
  • There is around 80% chance to be play against an all-in as soon as your opponent see your nexus first
  • If you see a stargate playstyle (no attack from your opponent): Simply switch to a mass phenix playstyle
  • If you see a probe before 1min: It's probably a cannon rush. In this case, simply add your forge and a pylon in your main base
  • If the opponent try to 4Gate, 3G robo or 3G stargate: Don't worry, you will have enough in time with the 2 stargates
  • Add 2 or 3 shield batteries

Have fun :)

VOD

https://youtu.be/S1LVMuC3fO0

Replay - Dystopia v zuka - Acropolis LE

Build Order

Get SALT Encoding   

  12  0:00  Probe  
  13  0:13  Probe  
  14  0:20  Pylon  
  14  0:23  Probe  
  15  0:34  Probe  
  16  0:44  Probe  
  17  0:59  Nexus  
  17  1:02  Probe  
  18  1:14  Gateway  
  18  1:16  Probe  
  19  1:23  Assimilator x2  
  19  1:28  Probe  
  20  1:40  Probe  
  20  1:43  Forge  
  21  1:52  Probe  
  22  2:04  Cybernetics Core  
  28  2:43  Stargate  
  28  2:45  Photon Cannon  
  29  2:51  Assimilator  
  32  3:06  Stargate  
  32  3:10  Pylon  
  33  3:17  Void Ray  
  34  3:30  Shield Battery  
  38  3:40  Void Ray  
  38  3:42  Shield Battery  
  38  3:54  Cybernetics Core  
  42  3:58  Void Ray  
  42  4:06  Pylon  
  46  4:13  Void Ray  
  46  4:23  Pylon  
  51  4:34  Shield Battery x2  
  51  4:35  Void Ray  
  55  4:48  Pylon  
  55  4:54  Void Ray  
  55  5:13  Robotics Facility  
  55  5:14  Void Ray  
  61  5:49  Assimilator  
  63  5:50  Immortal  
  70  6:06  Warp Gate  
  71  6:11  Void Ray x2  
  74  6:24  Immortal  
  74  6:38  Gateway x2  
  78  6:52  Twilight Council  
  80  7:01  Immortal  
  84  7:12  Gateway x2  
  85  7:19  Charge  
  85  7:32  Warp Prism  
  85  7:35  Gateway x2  
  87  7:47  Templar Archives  
  87  7:56  Zealot x2  
  91  8:05  Gateway  
  91  8:08  Observer  
  90  8:16  Zealot x4  
  98  8:33  Zealot x2  
  102  8:39  Zealot x2  
  110  8:55  Gateway  
  110  9:01  High Templar x6  
  118  9:07  Archon x3  
Spawning Tool Build Advisor. Get it on Overwolf

Go to:

Details

  • Created by: zuka      
  • Published on: Aug 14, 2019
  • Modified on: Aug 14, 2019
  • Patch: 4.7.1
Show
View Real Time Build Order
Export as new Build Order

Comments (0)

There are no comments. Be the first!

Create an account to comment!